 Dungeon Crawl Stone Soup version 0.27.1-3-gb3d3a73c9e (webtiles) character file.

Game seed: 17761433184908990532

18 saltiestKirin the Caller (level 2, -4/11 HPs)
             Began as a Felid Summoner on Oct 25, 2021.
             Killed by nerve-wracking pain
             ... invoked by Jessica
              (13 damage)
             ... on level 2 of the Dungeon.
             The game lasted 00:09:29 (1326 turns).

saltiestKirin the Caller (Felid Summoner)           Turns: 1326, Time: 00:09:35

Health: -4/11      AC:  1    Str: 10    XL:     2   Next: 51%
Magic:  1/6        EV: 17    Int: 16    God:
Gold:   35         SH:  0    Dex: 16    Spells: 2/5 levels left
                                        Lives:  0   Deaths: 0

rFire    . . .     SeeInvis +   (weapon unavailable)
rCold    . . .     Faith    .   (shield unavailable)
rNeg     . . .     Spirit   .   (armour unavailable)
rPois    .         Reflect  .   (helmet unavailable)
rElec    .         Harm     .   (cloak unavailable)
rCorr    .         Rampage  .   (gloves unavailable)
Will     .....                  (boots unavailable)
Stlth    ++........             (no amulet)
HPRegen  0.03/turn              d - +6 ring of strength
MPRegen  0.10/turn              (no ring)

@: slowed, slow
A: very small, claws 1, fangs 3, see invisible, speed 1, shaggy fur 1, stealthy
paws, no weapons or thrown items, no armour, multi-lived
a: no special abilities


You were on level 2 of the Dungeon.
You visited 1 branch of the dungeon, and saw 2 of its levels.

You collected 35 gold pieces.

Inventory:

Jewellery
 d - a +6 ring of strength (left paw)
Scrolls
 b - a scroll of fog {unknown}
Potions
 a - a potion of lignification {unknown}
 c - a potion of cancellation {unknown}


   Skills:
 + Level 2.7 Dodging
 + Level 2.8 Stealth
 + Level 0.1 Unarmed Combat
 + Level 2.3 Spellcasting
 + Level 4.4 Summonings


You had 2 spell levels left.
You knew the following spells:

 Your Spells              Type           Power      Damage    Failure   Level
a - Summon Small Mammal   Summ           64%        N/A       3%          1
b - Call Imp              Summ           16%        N/A       4%          2

Your spell library contained the following spells:

 Spells                   Type           Power      Damage    Failure   Level
 Call Canine Familiar     Summ           16%        N/A       10%         3
 Summon Guardian Golem    Hex/Summ       8%         N/A       24%         3
 Summon Lightning Spire   Summ/Air       8%         N/A       63%         4


Dungeon Overview and Level Annotations

Branches:
Dungeon (2/15)

Altars:

Shops:
D:2 !

Annotations:
D:2 Jessica


Innate Abilities, Weirdness & Mutations

You have sharp claws.
You have razor-sharp teeth.
You have supernaturally acute eyesight. (SInv)
You cover ground quickly. (Speed+)
You are covered in fur. (AC +1)
Your paws help you pounce on unaware monsters.
You are incapable of wielding weapons or throwing items.
You cannot wear armour.
You gain extra lives every three experience levels.


Message History

There is a stone staircase leading down here.
You climb downwards.
There is a stone staircase leading up here.
Memorise Call Imp, consuming 2 spell levels and leaving 2?
You start memorising the spell.
You continue memorising. x2
You finish memorising.
Spell assigned to 'b'.
Found a glowing ring mail.
Found Nuwetevu's Distillery.
You see here a +0 ring mail of positive energy.
There is an entrance to Nuwetevu's Distillery here.
Jessica the Apprentice Sorceress comes into view.
She is wielding a +0 club and wearing a +1 robe of willpower.
Casting: Call Imp (safe; 4% risk of failure)
Press: ? - help, Q - select action, (/) - cycle Dir - look around, f - activate A beastly little devil appears in a puff of flame.
Casting: Call Imp (safe; 4% risk of failure)
Press: ? - help, Q - select action, (/) - cycle Dir - look around, f - activate A beastly little devil appears in a puff of frigid air.
Casting: Call Imp (safe; 4% risk of failure)
Press: ? - help, Q - select action, (/) - cycle Dir - look around, f - activate A beastly little devil appears in a puff of flame.
Jessica casts a spell.
Jessica blinks!
You swap places.
Your crimson imp blinks!
Jessica points at you and mumbles some strange words.
You feel yourself slow down.
You don't have enough magic to cast this spell.
Jessica casts a spell.
Jessica blinks!
Your crimson imp blinks!
Jessica very coldly says, "I hate your company."
Jessica casts a spell at you. Pain shoots through your body!
You scratch Jessica. Your bite misses Jessica.
Jessica is moderately wounded.
Jessica misses you.
Jessica points at you and mumbles some strange words.
Pain shoots through your body!
Ouch! That really hurt!
You die...

... ###... #..#.######
#..#.#....#
#..#.#....#
#..#.#....#
#########.....ยง...#
#.........##.#.5..####
#.####.......#.#@5...#
#.# #.####......@##.#
#.# #.# ####.#.## #.#
#.# .....#.# #.# #.#
.....#.# #.####.#
#..##.#.## ## #
#.##.#.# #..##....# ..
.# #.##.#.# #..####..#
.##.. #....#.#
#........# ...


You could see Jessica (ally target), a friendly crimson imp (summoned) and a
friendly white imp (summoned).

Vanquished Creatures
  A dart slug (D:1)
  2 endoplasms (D:1)
  A giant cockroach (D:1)
  3 frilled lizards (D:1)
  2 kobolds (D:1)
  A rat (D:1)
10 creatures vanquished.

Vanquished Creatures (collateral kills)
  A ball python (D:1)
  An endoplasm (D:1)
  A goblin (D:1)
  A hobgoblin (D:1)
  A quokka (D:1)
  2 bats (D:1)
  5 rats (D:1)
12 creatures vanquished.

Grand Total: 22 creatures vanquished

Notes
Turn   | Place    | Note
-------+----------+-------------------------------------------
     0 | D:1      | saltiestKirin the Felid Summoner began the quest for the
                  | Orb.
     0 | D:1      | Reached XP level 1. HP: 7/7 MP: 4/4
   667 | D:1      | Reached XP level 2. HP: 9/11 MP: 1/6
  1267 | D:2      | Learned a level 2 spell: Call Imp
  1272 | D:2      | Found Nuwetevu's Distillery.
  1316 | D:2      | Noticed Jessica
  1326 | D:2      | Killed from afar by Jessica

Illustrated notes

Levels and vault maps discovered:
D:1:      dpeg_arrival_ratfight, layout_loops_cross
D:2:      layout_basic, serial_shops, nicolae_shop_stone,
          corexii_hall_statues_s, nrook_mini_vaults, minivault_4,
          corexii_corridor_pit, minmay_cut_off, uniq_jessica

Action                   || total
-------------------------++-------
Melee: Unarmed           ||    32
       Bite              ||     5
 Cast: Summon Small Mamm ||    44
       Call Imp          ||     3
 Stab: Distracted        ||     1
Armor: Skin              ||     2
Dodge: Dodged            ||    26
